[ PARTIDA AOE2 · #495732662 ]
UnrankedMalíes vs Cumans
Equipo del jugador · VICT
Equipo rival · DERR
[ ANÁLISIS DE REPETICIÓN · EXTRAÍDO DE LA PARTIDA GRABADA ]
Feudal
10:43
Castillos
20:00
Imperial
—
| APM promedio | 44.4 |
| APM pico | 79 |
| eAPM promedio | 21.3 |
| Aldeanos / militares | 181 / 88 |
Foco
⚔️ 30.2% · 🌾 69.8%
Archer ×39 · Gbeto ×31 · Battering Ram ×8 · Monk ×6 · Militia ×4
Feudal
8:51
Castillos
24:01
Imperial
—
| APM promedio | 70.3 |
| APM pico | 141 |
| eAPM promedio | 37.3 |
| Aldeanos / militares | 201 / 130 |
Foco
⚔️ 37.7% · 🌾 62.3%
Kipchak ×68 · Scout Cavalry ×26 · Knight ×12 · Camel Scout ×12 · Skirmisher ×9 · Mangonel ×3
Mapa de la partida
Recursos iniciales + cada clic de construcción. Líneas = muros · curvas = relieve. ◆ oro · ⬟ piedra · ● bayas · ✦ reliquia · ◌ hueco del cierre
Tu base· Abierta — flanco sin cerrar
Base de 禁评· Abierta — hueco de 4t
Terreno inicial suavizado · ◌ = hueco del cierre detectado · pasá el cursor para detalles
Inputs por minuto
— Ie cuack - - 禁评
Build order — Ie cuack
Primeras 150 de 413 acciones detectadas
| 0:01 | Crear | Villager (Male) ×4 |
| 0:02 | Crear | Villager (Male) ×4 |
| 0:04 | Construir | House |
| 0:05 | Construir | House |
| 1:30 | Crear | Villager (Male) |
| 1:31 | Crear | Villager (Male) |
| 2:09 | Crear | Villager (Male) |
| 2:10 | Crear | Villager (Male) |
| 2:10 | Crear | Villager (Male) |
| 2:14 | Construir | Lumber Camp |
| 2:33 | Crear | Villager (Male) |
| 2:34 | Crear | Villager (Male) |
| 3:18 | Crear | Villager (Male) |
| 3:18 | Crear | Villager (Male) |
| 3:18 | Crear | Villager (Male) |
| 3:46 | Crear | Villager (Male) |
| 3:47 | Crear | Villager (Male) |
| 4:11 | Construir | House |
| 4:46 | Construir | House |
| 4:47 | Crear | Villager (Male) |
| 4:48 | Crear | Villager (Male) |
| 4:48 | Crear | Villager (Male) |
| 4:49 | Crear | Villager (Male) |
| 5:19 | Construir | Barracks |
| 5:50 | Crear | Villager (Male) |
| 6:09 | Construir | Mill |
| 6:13 | Crear | Militia |
| 6:13 | Crear | Militia |
| 6:18 | Construir | House |
| 6:22 | Crear | Villager (Male) |
| 6:41 | Crear | Villager (Male) |
| 7:04 | Crear | Villager (Male) |
| 7:10 | Construir | Mining Camp |
| 7:24 | Crear | Villager (Male) |
| 7:26 | Investigar | Loom |
| 8:29 | Investigar | Feudal Age |
| 8:29 | Investigar | Feudal Age |
| 8:58 | Crear | Villager (Male) |
| 9:13 | Construir | Farm |
| 9:24 | Crear | Militia |
| 9:32 | Construir | Mill |
| 10:04 | Construir | House |
| 10:12 | Construir | House |
| 10:16 | Crear | Militia |
| 10:43 | Edad | Edad Feudal |
| 10:43 | Crear | Villager (Male) |
| 10:45 | Construir | Archery Range |
| 10:54 | Investigar | Man-at-Arms (upgrade) |
| 11:11 | Crear | Villager (Male) |
| 11:37 | Crear | Villager (Male) |
| 11:42 | Crear | Archer |
| 11:42 | Crear | Archer |
| 11:48 | Construir | Farm |
| 11:50 | Construir | Farm |
| 11:53 | Construir | Farm |
| 12:01 | Crear | Villager (Male) |
| 12:08 | Crear | Villager (Male) |
| 12:26 | Construir | Farm |
| 12:27 | Crear | Archer |
| 12:29 | Crear | Villager (Male) |
| 12:31 | Construir | House |
| 12:49 | Crear | Villager (Male) |
| 12:53 | Crear | Archer |
| 12:54 | Crear | Villager (Male) |
| 12:56 | Construir | Farm |
| 12:59 | Construir | Farm |
| 13:04 | Crear | Villager (Male) |
| 13:09 | Crear | Archer |
| 13:33 | Crear | Archer |
| 14:08 | Crear | Villager (Male) |
| 14:10 | Crear | Archer |
| 14:10 | Crear | Archer |
| 14:28 | Crear | Villager (Male) |
| 14:31 | Construir | Farm |
| 14:32 | Construir | House |
| 14:38 | Construir | House |
| 14:44 | Construir | Farm |
| 14:45 | Construir | Farm |
| 14:55 | Crear | Villager (Male) |
| 15:10 | Crear | Villager (Male) |
| 15:16 | Crear | Archer |
| 15:25 | Crear | Villager (Male) |
| 15:31 | Construir | Farm |
| 15:33 | Crear | Villager (Male) |
| 15:35 | Construir | House |
| 15:37 | Crear | Villager (Male) |
| 16:01 | Construir | Farm |
| 16:05 | Construir | Market |
| 16:19 | Crear | Villager (Male) |
| 16:23 | Crear | Villager (Male) |
| 16:30 | Construir | Mining Camp |
| 17:20 | Investigar | Castle Age |
| 17:24 | Construir | Blacksmith |
| 17:35 | Crear | Archer |
| 17:50 | Crear | Villager (Male) |
| 17:56 | Crear | Villager (Male) |
| 18:15 | Crear | Archer |
| 18:18 | Construir | Farm |
| 18:26 | Investigar | Fletching |
| 18:44 | Crear | Villager (Male) |
| 19:19 | Crear | Archer |
| 19:24 | Construir | House |
| 19:26 | Investigar | Double-Bit Axe |
| 19:56 | Crear | Villager (Male) |
| 20:00 | Edad | Edad de los Castillos |
| 20:05 | Investigar | Crossbowman (upgrade) |
| 20:08 | Crear | Villager (Male) |
| 20:12 | Crear | Villager (Male) |
| 20:34 | Construir | Castle |
| 20:43 | Investigar | Bodkin Arrow |
| 20:44 | Crear | Villager (Male) |
| 20:59 | Construir | Lumber Camp |
| 21:00 | Construir | Farm |
| 21:01 | Construir | Farm |
| 21:15 | Investigar | Scale Mail Armor |
| 21:26 | Construir | Siege Workshop |
| 21:56 | Crear | Villager (Male) |
| 22:10 | Construir | Farm |
| 22:12 | Construir | Farm |
| 22:20 | Crear | Villager (Male) |
| 22:25 | Crear | Battering Ram |
| 22:38 | Crear | Villager (Male) |
| 22:51 | Crear | Villager (Male) |
| 22:55 | Construir | Mining Camp |
| 22:57 | Crear | Gbeto |
| 22:57 | Crear | Gbeto |
| 23:21 | Crear | Villager (Male) |
| 23:42 | Crear | Gbeto |
| 23:54 | Crear | Battering Ram |
| 23:59 | Crear | Villager (Male) |
| 24:09 | Crear | Gbeto |
| 24:12 | Crear | Battering Ram |
| 24:15 | Construir | Farm |
| 24:24 | Crear | Villager (Male) |
| 24:33 | Construir | Town Center |
| 24:42 | Crear | Gbeto |
| 24:58 | Crear | Gbeto |
| 25:31 | Crear | Villager (Male) |
| 25:33 | Crear | Villager (Male) |
| 25:42 | Crear | Villager (Male) |
| 25:43 | Crear | Gbeto |
| 25:43 | Crear | Gbeto |
| 25:59 | Crear | Gbeto |
| 26:00 | Crear | Gbeto |
| 26:00 | Crear | Gbeto |
| 26:07 | Construir | Farm |
| 26:08 | Construir | Farm |
| 26:13 | Crear | Villager (Male) |
| 26:20 | Crear | Villager (Male) |
| 26:24 | Construir | Monastery |
Build order — 禁评
Primeras 150 de 402 acciones detectadas
| 0:00 | Crear | Villager (Male) |
| 0:01 | Crear | Villager (Male) |
| 0:01 | Crear | Villager (Male) |
| 0:02 | Construir | House |
| 0:03 | Construir | House |
| 0:08 | Crear | Villager (Male) |
| 1:27 | Crear | Villager (Male) |
| 1:28 | Crear | Villager (Male) |
| 1:58 | Crear | Villager (Male) |
| 1:59 | Crear | Villager (Male) |
| 2:07 | Crear | Villager (Male) |
| 2:07 | Crear | Villager (Male) |
| 2:38 | Construir | Lumber Camp |
| 2:44 | Crear | Villager (Male) |
| 2:45 | Crear | Villager (Male) |
| 2:45 | Crear | Villager (Male) |
| 3:46 | Crear | Villager (Male) |
| 3:49 | Crear | Villager (Male) |
| 3:49 | Crear | Villager (Male) |
| 3:51 | Crear | Villager (Male) |
| 4:23 | Construir | House |
| 4:30 | Investigar | Loom |
| 4:30 | Investigar | Loom |
| 4:32 | Crear | Villager (Male) |
| 4:33 | Crear | Villager (Male) |
| 4:33 | Crear | Villager (Male) |
| 4:50 | Crear | Villager (Male) |
| 5:02 | Construir | Mill |
| 5:09 | Crear | Villager (Male) |
| 5:09 | Crear | Villager (Male) |
| 5:21 | Crear | Villager (Male) |
| 5:22 | Crear | Villager (Male) |
| 6:39 | Investigar | Feudal Age |
| 6:39 | Investigar | Feudal Age |
| 8:19 | Crear | Villager (Male) |
| 8:20 | Crear | Villager (Male) |
| 8:26 | Construir | House |
| 8:28 | Construir | House |
| 8:38 | Crear | Villager (Male) |
| 8:51 | Edad | Edad Feudal |
| 8:55 | Crear | Villager (Male) |
| 9:00 | Construir | Town Center |
| 9:15 | Investigar | Double-Bit Axe |
| 9:16 | Investigar | Double-Bit Axe |
| 9:27 | Construir | House |
| 9:39 | Investigar | Horse Collar |
| 9:43 | Crear | Villager (Male) |
| 10:09 | Crear | Villager (Male) |
| 10:32 | Crear | Villager (Male) |
| 10:35 | Construir | Farm |
| 10:40 | Crear | Villager (Male) |
| 10:41 | Crear | Villager (Male) |
| 10:48 | Construir | Farm |
| 11:03 | Crear | Villager (Male) |
| 11:03 | Crear | Villager (Male) |
| 11:08 | Construir | Farm |
| 11:21 | Construir | Farm |
| 11:24 | Crear | Villager (Male) |
| 11:24 | Crear | Villager (Male) |
| 11:37 | Construir | Farm |
| 11:45 | Crear | Villager (Male) |
| 11:45 | Crear | Villager (Male) |
| 11:49 | Construir | Farm |
| 11:50 | Crear | Villager (Male) |
| 11:50 | Crear | Villager (Male) |
| 11:55 | Crear | Villager (Male) |
| 11:56 | Crear | Villager (Male) |
| 12:08 | Construir | Farm |
| 12:16 | Construir | House |
| 12:22 | Construir | Farm |
| 12:25 | Crear | Villager (Male) |
| 12:32 | Crear | Villager (Male) |
| 12:32 | Crear | Villager (Male) |
| 12:34 | Crear | Villager (Male) |
| 12:35 | Crear | Villager (Male) |
| 12:47 | Construir | Farm |
| 12:51 | Construir | House |
| 12:54 | Construir | House |
| 12:58 | Construir | Palisade Wall |
| 13:03 | Construir | Palisade Wall |
| 13:05 | Crear | Villager (Male) |
| 13:06 | Crear | Villager (Male) |
| 13:23 | Crear | Villager (Male) ×2 |
| 13:23 | Crear | Villager (Male) ×2 |
| 13:32 | Construir | Palisade Wall |
| 13:35 | Crear | Villager (Male) |
| 13:35 | Crear | Villager (Male) |
| 13:49 | Crear | Villager (Male) ×2 |
| 13:50 | Crear | Villager (Male) ×2 |
| 13:52 | Construir | Farm |
| 13:56 | Crear | Villager (Male) |
| 13:56 | Crear | Villager (Male) |
| 14:07 | Construir | House |
| 14:11 | Construir | House |
| 14:15 | Crear | Villager (Male) |
| 14:16 | Crear | Villager (Male) |
| 14:24 | Construir | Watch Tower |
| 14:30 | Crear | Villager (Male) ×2 |
| 14:30 | Crear | Villager (Male) ×2 |
| 14:33 | Construir | Lumber Camp |
| 14:42 | Construir | House |
| 14:46 | Crear | Villager (Male) ×2 |
| 14:47 | Crear | Villager (Male) ×2 |
| 14:51 | Construir | House |
| 15:08 | Crear | Villager (Male) |
| 15:08 | Crear | Villager (Male) |
| 15:11 | Construir | Farm |
| 15:16 | Crear | Villager (Male) |
| 15:17 | Crear | Villager (Male) |
| 15:22 | Construir | House |
| 15:24 | Crear | Villager (Male) |
| 15:24 | Crear | Villager (Male) ×2 |
| 15:24 | Crear | Villager (Male) |
| 15:33 | Crear | Villager (Male) |
| 15:36 | Construir | Mining Camp |
| 15:56 | Crear | Villager (Male) |
| 15:56 | Crear | Villager (Male) |
| 15:58 | Construir | Farm |
| 15:59 | Construir | Farm |
| 16:01 | Crear | Villager (Male) |
| 16:02 | Crear | Villager (Male) |
| 16:10 | Construir | Barracks |
| 16:15 | Crear | Villager (Male) |
| 16:16 | Crear | Villager (Male) |
| 16:39 | Construir | Mining Camp |
| 16:41 | Crear | Villager (Male) |
| 16:41 | Crear | Villager (Male) |
| 16:44 | Construir | Archery Range |
| 16:59 | Crear | Villager (Male) |
| 16:59 | Crear | Villager (Male) ×2 |
| 17:05 | Construir | Farm |
| 17:17 | Crear | Skirmisher |
| 17:17 | Crear | Skirmisher |
| 17:18 | Crear | Skirmisher |
| 17:21 | Construir | Watch Tower |
| 17:34 | Construir | Blacksmith |
| 17:40 | Crear | Villager (Male) ×2 |
| 17:40 | Crear | Villager (Male) ×2 |
| 17:42 | Construir | Farm |
| 17:49 | Construir | Farm |
| 17:51 | Crear | Skirmisher |
| 17:51 | Crear | Skirmisher |
| 17:51 | Crear | Skirmisher |
| 18:13 | Investigar | Fletching |
| 18:13 | Investigar | Fletching |
| 18:23 | Construir | House |
| 18:29 | Construir | House |
| 18:30 | Construir | House |
| 18:34 | Crear | Villager (Male) |
| 18:34 | Crear | Villager (Male) |
Cronología de la partida
| 5:19 | Ie cuack · first_building Barracks |
| 8:51 | 禁评 · age_up feudal |
| 10:43 | Ie cuack · age_up feudal |
| 10:45 | Ie cuack · first_building Archery Range |
| 12:58 | 禁评 · wall_segment Palisade Wall x1 |
| 13:03 | 禁评 · wall_segment Palisade Wall x4 |
| 13:32 | 禁评 · wall_segment Palisade Wall x1 |
| 16:10 | 禁评 · first_building Barracks |
| 16:44 | 禁评 · first_building Archery Range |
| 19:42 | 禁评 · wall_segment Palisade Wall x1 |
| 20:00 | Ie cuack · age_up castle |
| 20:22 | Ie cuack · first_market_sell 100 food |
| 20:24 | Ie cuack · first_market_buy 100 stone |
| 20:34 | Ie cuack · first_building Castle |
| 21:26 | Ie cuack · first_building Siege Workshop |
| 21:43 | 禁评 · wall_segment Palisade Wall x4 |
| 22:38 | 禁评 · first_building Stable |
| 24:01 | 禁评 · age_up castle |
| 25:56 | 禁评 · first_market_buy 100 stone |
| 25:59 | 禁评 · first_building Castle |
| 26:24 | Ie cuack · first_building Monastery |
| 26:50 | Ie cuack · wall_segment Palisade Wall x1 |
| 26:51 | Ie cuack · wall_segment Palisade Wall x1 |
| 28:11 | 禁评 · wall_segment Palisade Wall x1 |
| 28:12 | 禁评 · wall_segment Palisade Wall x1 |
| 28:13 | 禁评 · wall_segment Palisade Wall x1 |
| 28:14 | 禁评 · wall_segment Palisade Wall x1 |
| 29:05 | Ie cuack · wall_segment Palisade Wall x1 |
| 29:07 | Ie cuack · wall_segment Palisade Wall x1 |
| 31:59 | 禁评 · first_building Siege Workshop |
| 46:25 | 禁评 · resign |
[ ANÁLISIS IA · 1 CRÉDITO ]
¿Qué pasó realmente en esta partida?
Wolo.gg analiza cada decisión: build order, eco, micro, errores típicos por bracket. Análisis personalizado por WhatsApp o Discord en 30 segundos.
Guía civ
Malíes
Perfil
Ie cuack